 Dungeon Crawl Stone Soup version 0.30-a0-568-g124715a40b (webtiles) character file.

Game seed: 7558087340800523534

2888 OTABOTABOTAB the Thaumaturge (level 9, -3/45 HPs)
             Began as a Deep Elf Conjurer on Dec 29, 2022.
             Was a Believer of Vehumet.
             Shot with an arrow by a centaur (6 damage)
             ... on level 7 of the Dungeon.
             The game lasted 00:21:40 (8161 turns).

OTABOTABOTAB the Thaumaturge (Deep Elf Conjurer)    Turns: 8161, Time: 00:21:40

Health: -3/45      AC:  4    Str:  6    XL:     9   Next: 48%
Magic:  23/25      EV: 12    Int: 26    God:    Vehumet [**....]
Gold:   1295       SH:  0    Dex: 13    Spells: 18/29 levels left

rFire   . . .      SeeInvis .    k - +3 whip (flame)
rCold   + . .      Faith    .    (no shield)
rNeg    . . .      Spirit   .    a - +0 robe
rPois   .          Reflect  .    r - +0 helmet
rElec   .          Harm     .    m - +0 cloak
rCorr   .          Rampage  .    (no gloves)
Will    .....                    (no boots)
Stlth   ++                       (no amulet)
HPRegen 0.27/turn                C - ring of protection from cold {rC+, !d}
MPRegen 0.19/turn                (no ring)

@: no status effects
A: no striking features
a: Renounce Religion


You were on level 7 of the Dungeon.
You worshipped Vehumet.
Vehumet was pleased with you.
You visited 2 branches of the dungeon, and saw 8 of its levels.

You collected 1295 gold pieces.

Inventory:

Hand Weapons
 k - a +3 whip of flaming (weapon)
   (You took it off Pikel on level 5 of the Dungeon)
Missiles
 e - 2 atropa-tipped darts
 g - 2 silver boomerangs
 h - 3 boomerangs
 i - 17 poisoned darts
 s - 65 stones
Armour
 a - a +0 robe (worn)
 m - a +0 cloak (worn)
   (You took it off Crazy Yiuf on level 5 of the Dungeon)
 r - a +0 helmet (worn)
   (You found it on level 6 of the Dungeon)
Jewellery
 C - a ring of protection from cold (left hand) {rC+, !d}
   (You found it on level 1 of the Dungeon)
Wands
 c - a wand of roots (3)
   (You found it on level 4 of the Dungeon)
 d - a wand of digging (3)
   (You found it on level 2 of the Dungeon)
 y - a wand of mindburst (9)
   (You found it on level 4 of the Dungeon)
Scrolls
 b - 2 scrolls of amnesia
 f - a scroll of identify {@r1}
 S - a scroll of summoning
 X - 4 scrolls of magic mapping {@r4!r}
Potions
 j - a potion of resistance {unknown}
 J - a potion of curing {@q1}
 M - 4 potions of might
 P - 2 potions of lignification {!q}
 U - a potion of mutation {!q}


   Skills:
 - Level 2.4 Dodging
 - Level 2.4 Stealth
 * Level 10.8 Spellcasting
 * Level 10.3 Conjurations
 - Level 5.0 Hexes
 - Level 5.0 Translocations


You had 18 spell levels left.
You knew the following spells:

 Your Spells              Type           Power      Damage    Failure   Level
a - Magic Dart            Conj           100%       1d8       1%          1
b - Searing Ray           Conj           100%       2d8       1%          2
c - Fulminant Prism       Conj/Hex       26%        3d14      1%          4
x - Iskenderun's Mystic   Conj/Tloc      52%        2d11      1%          4

Your spell library contained the following spells:

 Spells                   Type           Power      Damage    Failure   Level
 Freeze                   Ice            56%        1d7       4%          1
 Apportation              Tloc           80%        N/A       1%          1
 Dazzling Flash           Conj/Hex       100%       N/A       1%          3
 Portal Projectile        Hex/Tloc       80%        N/A       1%          3
 Tukima's Dance           Hex            40%        N/A       1%          3
 Necrotise                Necr           56%        1d6       4%          1
 Summon Small Mammal      Summ           56%        N/A       4%          1
 Blade Hands              Tmut           7%         N/A       75%         5


Dungeon Overview and Level Annotations

Branches:
Dungeon (7/15)             Temple (1/1) D:4

Altars:
Cheibriados
Dithmenos
Elyvilon
Fedhas
Gozag
Hepliaklqana
Kikubaaqudgha
Nemelex Xobeh
Okawaru
Qazlal
Ru
Sif Muna
Uskayaw
Vehumet
Wu Jian
Xom
Yredelemnul

Annotations:
D:3 2 runed translucent doors, bchevrier's ghost, weakling GnWn
D:4 2 runed translucent doors, Zvl3's ghost, amateur DsMo


Message History

The magic dart hits the orc.
An orc comes into view. It is wielding a +0 club.
An orc comes into view. It is wielding a +0 short sword.
You now have 20/25 mp.
Aim: an orc, wielding a +0 hand axe (severely wounded, 100% to hit)
The magic dart hits the orc.
You kill the orc!
Vehumet accepts your kill.
You feel your power returning.
You conjure a prism of explosive energy!
A fulminant prism comes into view.
You now have 16/25 mp.
You erupt in a blast of force!
The mystic blast hits the orc!
You kill the orc!
Vehumet accepts your kill.
Your fulminant prism crackles loudly.
You now have 13/25 mp.
The blast of energy engulfs the orc!!
You kill the orc!
Vehumet accepts your kill. Vehumet offers you knowledge of Freeze.
You feel your power returning.
The blast of energy engulfs the orc!
You kill the orc!
Vehumet accepts your kill.
You feel your power returning.
Something shouts, "Give in, thou pribbling earth-vexing slabber!"
You hear a shout!
You regained 2 mp, and now have 15/25 mp.
You start resting.
An ice beast comes into view.
You regained 2 mp, and now have 17/25 mp.
The magic dart hits the ice beast but does no damage.
You now have 16/25 mp.
The magic dart hits the ice beast.
The magic dart hits the ice beast but does no damage.
You now have 15/25 mp.
Aim: an ice beast (lightly wounded, 83% to hit)
The searing ray hits the ice beast! (Press . to maintain the ray.)
You now have 13/25 mp.
The searing ray hits the ice beast.
You now have 12/25 mp.
The searing ray hits the ice beast.
You now have 11/25 mp.
The searing ray hits the ice beast!
You kill the ice beast!
Vehumet accepts your kill.
You feel your power returning.
You finish channelling your searing ray.
You regained 2 mp, and now have 13/25 mp.
You start resting.
MP restored: 25
f - a scroll of identify {@r1} A sky beast comes into view.
Items here: )) ? [[.
As you read the scroll of identify {@r1}, it crumbles to dust.
j - a potion of mutation;
U - a potion of mutation A sky beast is nearby!
The magic dart hits the sky beast but does no damage.
You now have 24/25 mp.
Aim: a sky beast (76% to hit)
The searing ray hits the sky beast! (Press . to maintain the ray.)
The sky beast flickers out of sight!
Deactivating autopickup; reactivate with Ctrl-A.
You now have 22/25 mp.
The searing ray hits something!
A sky beast appears from thin air!
Reactivating autopickup.
The sky beast misses you.
The searing ray hits the sky beast!
You kill the sky beast!
Vehumet accepts your kill.
You feel your power returning.
You now have 21/25 mp.
f - a scroll of identify {@r1}
Items here: )) [[.
MP restored: 25 You see here a +0 flail.
j - a bubbling white potion A centaur comes into view.
It is wielding a +0 dagger.
The centaur shouts!
The centaur unwields a +0 dagger.
The centaur wields a +2 shortbow of flaming.
It bursts into flame!
The centaur shoots an arrow.
The arrow hits you! The arrow burns you.
The centaur shoots an arrow.
The arrow hits you. The arrow burns you.
You take 15 damage, and have 30/45 hp.
MASSIVE DAMAGE!!
The centaur shoots an arrow.
The arrow misses you.
The centaur shoots an arrow.
The arrow closely misses you.
Okay, then.
Unknown command.
Aim: a centaur, wielding a +2 shortbow of flaming (90% to hit)
The searing ray hits the centaur! (Press . to maintain the ray.)
The centaur shoots an arrow.
The arrow hits you! The arrow burns you.
The centaur shoots an arrow.
The arrow hits you!
* * * LOW HITPOINT WARNING * * *
The arrow burns you.
You die...

#. . #. .. #. ...
######.##### ....
#..........### .....
#............####.c....
#..........#....?......
#...........#####......
#######.###.@.# ..#..
#.# ###..c...## #.#
###.... #.######......
#..#........ .
##.#.#########
#.....##.....##
#.....#.......#####
#.....))))<...)[...


You could see a centaur.

Vanquished Creatures
  Pikel (D:5)
  A steam dragon (D:6)
  Edmund (D:4)
  A black bear (D:3)
  A sky beast (D:7)
  2 ogres
  An ice beast (D:7)
  3 lemures (D:5)
  A phantom (D:5)
  2 kobold brigands (D:6)
  A bullfrog (D:6)
  5 scorpions
  4 wights (D:6)
  4 hounds
  A jelly (D:4)
  Crazy Yiuf (D:5)
  3 orc priests
  A gnoll bouda (D:7)
  5 iguanas
  9 orc wizards
  13 adders
  7 gnolls
  2 worms
  3 dart slugs
  25 orcs
  9 ball pythons
  4 bats
  8 endoplasms
  3 giant cockroaches
  4 goblins
  2 hobgoblins
  2 jackals (D:1)
  14 kobolds
  6 quokkas
  4 frilled lizards
  2 rats
  A fulminant prism (D:5)
157 creatures vanquished.

Vanquished Creatures (others)
  20 fulminant prisms
20 creatures vanquished.

Grand Total: 177 creatures vanquished

Notes
Turn   | Place    | Note
-------+----------+-------------------------------------------
     0 | D:1      | OTABOTABOTAB the Deep Elf Conjurer began the quest for the
                  | Orb.
     0 | D:1      | Reached XP level 1. HP: 10/10 MP: 6/6
   411 | D:1      | Reached XP level 2. HP: 15/15 MP: 5/8
   414 | D:1      | Learned a level 2 spell: Searing Ray
   929 | D:1      | Reached skill level 5 in Conjurations
  1151 | D:2      | Reached XP level 3. HP: 19/19 MP: 3/10
  1157 | D:2      | Reached skill level 4 in Spellcasting
  1159 | D:2      | HP: 4/19 [gnoll/+0 spear (4)]
  1160 | D:2      | HP: 1/19 [gnoll/+0 spear (3)]
  1261 | D:2      | Reached XP level 4. HP: 24/24 MP: 9/12
  1331 | D:2      | Found a basalt altar of Yredelemnul.
  1712 | D:2      | Reached skill level 6 in Conjurations
  1786 | D:2      | Learned a level 4 spell: Fulminant Prism
  1791 | D:2      | Learned a level 4 spell: Iskenderun's Mystic Blast
  2051 | D:2      | Found a faded altar of an unknown god.
  2311 | D:3      | Reached XP level 5. HP: 28/28 MP: 4/14
  2396 | D:3      | Reached skill level 1 in Hexes
  2575 | D:3      | Found a large runed translucent door.
  2576 | D:3      | Found a large runed translucent door.
  2576 | D:3      | Noticed bchevrier's ghost (weakling GnWn)
  2685 | D:3      | Noticed a black bear
  2691 | D:3      | Killed a black bear
  2692 | D:3      | Reached skill level 5 in Spellcasting
  2692 | D:3      | Reached skill level 1 in Translocations
  2866 | D:3      | Reached XP level 6. HP: 20/32 MP: 12/16
  3296 | D:4      | Reached skill level 2 in Hexes
  3308 | D:3      | Reached skill level 6 in Spellcasting
  3308 | D:3      | Reached skill level 7 in Conjurations
  3672 | D:4      | Found a blossoming altar of Fedhas.
  3796 | D:4      | Noticed Edmund
  3827 | D:4      | HP: 7/32 [Edmund/+2 flail of holy wrath (5)]
  3830 | D:4      | HP: 3/32 [Edmund/+2 flail of holy wrath (5)]
  3837 | D:4      | HP: 5/32 [Edmund/+2 flail of holy wrath (7)]
  4309 | D:4      | Found a staircase to the Ecumenical Temple.
  4316 | Temple   | Entered the Ecumenical Temple
  4348 | Temple   | Became a worshipper of Vehumet
  4397 | D:4      | Reached skill level 2 in Translocations
  4397 | D:4      | Reached XP level 7. HP: 34/36 MP: 8/18
  4401 | D:4      | Reached skill level 3 in Hexes
  4524 | D:4      | Found a large runed translucent door.
  4524 | D:4      | Found a large runed translucent door.
  4529 | D:4      | Noticed Zvl3's ghost (amateur DsMo)
  4771 | D:4      | Killed Edmund
  4890 | D:4      | Reached skill level 7 in Spellcasting
  5041 | D:5      | Entered Level 5 of the Dungeon
  5223 | D:5      | Found a runed translucent door.
  5224 | D:5      | Noticed Crazy Yiuf
  5302 | D:5      | Killed Crazy Yiuf
  5554 | D:5      | Reached skill level 4 in Hexes
  5554 | D:5      | Reached skill level 3 in Translocations
  5744 | D:5      | Noticed Pikel
  5758 | D:5      | Killed Pikel
  5759 | D:5      | Reached skill level 8 in Spellcasting
  5759 | D:5      | Reached skill level 8 in Conjurations
  5759 | D:5      | Reached XP level 8. HP: 41/41 MP: 1/22
  6011 | D:5      | Reached skill level 5 in Hexes
  6319 | D:6      | Reached skill level 9 in Spellcasting
  6319 | D:6      | Reached skill level 9 in Conjurations
  6319 | D:6      | Reached skill level 4 in Translocations
  6817 | D:6      | Reached * piety under Vehumet
  6817 | D:6      | Offered knowledge of Foxfire by Vehumet.
  7019 | D:6      | Reached XP level 9. HP: 45/45 MP: 19/24
  7270 | D:6      | Reached skill level 10 in Spellcasting
  7449 | D:6      | Found a shimmering blue altar of Sif Muna.
  7492 | D:6      | Found a stormy altar of Qazlal.
  7595 | D:6      | Found a white marble altar of Elyvilon.
  7734 | D:6      | Reached skill level 5 in Translocations
  7838 | D:6      | Identified a scroll of acquirement
  7838 | D:6      | Acquired 990 gold pieces
  7861 | D:7      | Reached skill level 10 in Conjurations
  8012 | D:7      | Offered knowledge of Freeze by Vehumet.
  8012 | D:7      | Reached ** piety under Vehumet
  8161 | D:7      | HP: 3/45 [centaur/arrow (13)]
  8161 | D:7      | Shot with an arrow by a centaur

Illustrated notes

Levels and vault maps discovered:
D:1:      scummos_arrival_checkerplants, layout_loops_corners,
          palyth_stone_intersect
D:2:      layout_basic, basic_altar, basic_ecumenical_altar, grunt_ministairs_8
D:3:      layout_basic, ebering_ghost_disaster_area
D:4:      layout_rooms, lemuel_tele_altar, minmay_temple_entry_arrows,
          ebering_ghost_disaster_area, minmay_misc_feat_x, grunt_ministairs_14,
          supply_closet_lemuel, uniq_edmund
D:5:      layout_gridville, nicolae_ossuary_entry_plus, st_stairs_1,
          uniq_crazy_yiuf_cottage, uniq_pikel
D:6:      cheibrodos_thug_alley, layout_basic,
          mainiacjoe_overflow_large_starburst, lemuel_round_altar, hex_tiny
D:7:      layout_rooms, grunt_ministairs_10, uniq_prince_ribbit1
Temple:   nicolae_temple_bog_church

Skill      XL: |  1  2  3  4  5  6  7  8  9 |
---------------+----------------------------+-----
Conjurations   | 5 6 7 8 9 10 | 10.3
Spellcasting   | 4 5 6 8 9 10 | 10.8
Hexes          | 1 2 4 5 |  5.0
Translocations | 1 2 3 4 5 |  5.0
Dodging        | |  2.4
Stealth        | |  2.4

Action                   |  1- 3 |  4- 6 |  7- 9 || total
-------------------------+-------+-------+-------++-------
Melee: Unarmed           |     4 |       |       ||     4
       Short sword       |     1 |       |    20 ||    21
       Whip              |       |       |     1 ||     1
 Cast: Magic Dart        |    32 |    63 |    89 ||   184
       Searing Ray       |     4 |    29 |    38 ||    71
       Fulminant Prism   |       |     4 |    17 ||    21
       Iskenderun's Myst |       |     2 |    17 ||    19
  Use: Scroll            |     3 |     3 |     8 ||    14
       Potion            |     1 |     3 |     4 ||     8
Armor: Robe              |     3 |     3 |     1 ||     7
       Skin              |       |       |    28 ||    28
Dodge: Dodged            |     5 |    16 |    25 ||    46

Table legend: (Time is in decaauts)
 A = Elapsed time spent in this place.
 B = Non-inter-level travel time spent in this place.
 C = Inter-level travel time spent in this place.
 D = Time resting spent in this place.
 E = Time spent auto-exploring this place.
 F = Levels seen in this place.
 G = Mean time per level.
                   A        B        C        D        E       F      G
               +--------+--------+--------+--------+--------+-----+--------+
         Total |   8143 |   7907 |    236 |   1494 |   5455 |   8 | 1017.9 |
       Dungeon |   8078 |   7870 |    208 |   1494 |   5427 |   7 | 1154.0 |
        Temple |     65 |     38 |     27 |      0 |     27 |   1 |   65.0 |
               +--------+--------+--------+--------+--------+-----+--------+

Top non-repeatable levels by time:
     D:6: 1726 daAuts
     D:3: 1493 daAuts
     D:5: 1196 daAuts
     D:4: 1185 daAuts
     D:2: 1146 daAuts
     D:1: 1141 daAuts
     D:7: 189 daAuts
  Temple: 65 daAuts

Table legend:
 A = Kills in this place as a percentage of kills in entire the game.
 B = Kills by you in this place as a percentage of kills by you in the entire game.
 C = Kills by friends in this place as a percentage of kills by friends in the entire game.
 D = Other kills in this place as a percentage of other kills in the entire game.
 E = Experience gained in this place as a percentage of experience gained in the entire game.
 F = Experience gained in this place divided by the number of levels of this place that you have seen.
                   A       B       C       D       E      F
               +-------+-------+-------+-------+-------+----------------------
         Total | 100.0 | 100.0 |   N/A |   N/A | 100.0 | 515.8
       Dungeon | 100.0 | 100.0 |   N/A |   N/A | 100.0 | 589.4
               +-------+-------+-------+-------+-------+----------------------
